 Dungeon Crawl Stone Soup version 0.19-a0-277-g85cb9a5 (webtiles) character file.

403 poirepourri the Covered (level 6, -1/56 HPs)
             Began as a Minotaur Fighter on May 26, 2016.
             Slain by an adder (3 damage)
             ... in a sewer.
             The game lasted 00:03:47 (2120 turns).

poirepourri the Covered (Minotaur Fighter)          Turns: 2120, Time: 00:03:48

Health: -1/56      AC: 10    Str: 22    XL:     6   Next: 55%
Magic:  5/5        EV:  8    Int:  5    God:
Gold:   176        SH:  9    Dex:  7    Spells: 0 memorised, 5 levels left

rFire  . . .     SeeInvis .     a - +0 war axe
rCold  . . .     Gourm    .     j - +0 scale mail
rNeg   . . .     Faith    .     c - +0 shield
rPois  .         Spirit   .     e - +2 hat
rElec  .         Dismiss  .     s - +0 cloak
rCorr  .         Reflect  .     (no gloves)
SustAt .         Harm     .     (no boots)
MR     .....                    (no amulet)
Stlth  ..........               n - ring of wizardry
                                m - -3 ring of dexterity

@: lethally poisoned (-1 -> -2), exhausted, slowed, very slow, not resistant to
hostile enchantments, extremely unstealthy
A: retaliatory headbutt, horns 2
a: no special abilities


You were in a sewer.
You were hungry.

You visited 1 branch of the dungeon, and saw 3 of its levels.
You also visited: Sewer.

You collected 176 gold pieces.

Inventory:

Hand Weapons
 a - a +0 war axe (weapon)
Missiles
 d - 24 bolts
Armour
 c - a +0 shield (worn)
 e - a +2 hat (worn)
 j - a +0 scale mail (worn)
 s - a +0 cloak (worn)
Jewellery
 m - a -3 ring of dexterity (left hand)
 n - a ring of wizardry (right hand)
Wands
 v - a wand of slowing (21/48)
Scrolls
 i - a scroll of amnesia {unknown}
 w - 2 scrolls of recharging
Potions
 b - 2 potions of might
 k - a potion of flight {unknown}
 l - 3 potions of heal wounds {unknown}
 o - a potion of curing {unknown}
 p - a potion of cancellation {unknown}
 r - a potion of cure mutation {unknown}
 u - a potion of brilliance {unknown}
Comestibles
 f - 2 bread rations
 h - 3 meat rations
 q - a beef jerky
 t - 2 fruits


   Skills:
 + Level 5.0 Fighting
 + Level 4.0 Axes
 + Level 5.3 Armour
 + Level 3.2 Dodging
 + Level 0.3 Stealth
 + Level 4.9 Shields


You had 5 spell levels left.
You didn't know any spells.

Dungeon Overview and Level Annotations

Branches:
Dungeon (3/15)

Altars:
Elyvilon
Kikubaaqudgha
Xom
The Shining One


Innate Abilities, Weirdness & Mutations

You reflexively headbutt those who attack you in melee.
You have a pair of horns on your head.


Message History

The giant newt bites you but does no damage.
The giant newt barely misses you. You block the adder's attack.
The giant newt bites you but does no damage. x2
Your unstable footing causes you to fumble your attack.
* * * LOW HITPOINT WARNING * * *
You feel sick. The adder bites you but does no damage.
You block the adder's attack.
The giant newt bites you but does no damage.
You block the giant newt's attack. The adder bites you but does no damage.
The giant newt bites you but does no damage. x2
You hit the adder. Your headbutt misses the adder.
The adder is moderately wounded.
You miss the giant newt. You hit the giant newt.
You kill the giant newt!
The adder barely misses you. The giant newt barely misses you.
You furiously retaliate!
You headbutt the giant newt, but do no damage.
The adder bites you but does no damage. You block the giant newt's attack.
The adder bites you.
You die...

.. ... ...#
....#####################
.....≈≈≈≈≈≈≈≈≈≈≈≈≈≈≈≈≈≈.###
.....≈≈≈≈≈≈≈≈≈≈≈≈≈≈≈≈≈≈...##
.....≈≈≈≈≈≈≈.≈≈≈≈≈≈≈≈≈≈....#
#....≈≈†≈≈l†.≈≈≈≈≈≈≈≈≈≈.....
##...≈≈≈†≈S@≈≈≈≈≈≈≈≈≈≈≈.....
###.≈≈≈≈≈≈≈≈≈≈≈≈≈≈≈≈≈≈.....
#####################....
####... #..'... #..##..
#####.. #..† ##...


You could see an adder and a giant newt.

Vanquished Creatures
  The ghost of Tux the Skirmisher, an amateur FoFi of Ukayaw (D:3)
  2 orc wizards (D:3)
  A worker ant (D:3)
  6 adders
  5 river rats
  An ooze (Sewer)
  4 worms
  2 dart slugs (D:2)
  A giant gecko (D:1)
  2 orcs (D:3)
  5 ball pythons
  3 giant cockroaches
  2 goblins
  6 hobgoblins
  3 jackals (D:2)
  6 bats
  7 giant newts
  5 kobolds
  29 rats
91 creatures vanquished.

Notes
Turn   | Place    | Note
--------------------------------------------------------------
     0 | D:1      | poirepourri the Minotaur Fighter began the quest for the Orb.
     0 | D:1      | Reached XP level 1. HP: 19/19 MP: 0/0
   292 | D:1      | Reached XP level 2. HP: 20/27 MP: 1/1
   644 | D:2      | Reached XP level 3. HP: 22/34 MP: 2/2
   657 | D:2      | Found a faded altar to an unknown god.
   897 | D:2      | Reached XP level 4. HP: 38/41 MP: 3/3
   918 | D:2      | Found an ancient bone altar of Kikubaaqudgha.
  1005 | D:2      | Found a white marble altar of Elyvilon.
  1431 | D:3      | Reached skill level 1 in Dodging
  1433 | D:3      | Reached XP level 5. HP: 31/47 MP: 4/4
  1516 | D:3      | Noticed Tux's ghost (amateur FoFi)
  1534 | D:3      | Killed Tux's ghost
  1534 | D:3      | Reached skill level 5 in Fighting
  1534 | D:3      | Reached skill level 5 in Armour
  1534 | D:3      | Reached XP level 6. HP: 42/56 MP: 5/5
  1732 | D:3      | Found a glowing golden altar of the Shining One.
  1804 | D:3      | Found a shimmering altar of Xom.
  1839 | D:3      | Found a glowing drain.
  1911 | Sewer    | Entered a sewer
  2118 | Sewer    | HP: 2/56 [poisoned by an adder]
  2120 | Sewer    | Slain by an adder

Vault maps used:
D:1:      lemuel_arrival_rhombus, corexii_corridor_pit, hangedman_glass_teeth
D:2:      lemuel_doored_altar, overflow_temple_1_default, ecumenical_altar_2,
          grunt_ministairs_11, st_stairs_9, nrook_loot_triangle
D:3:      old_standard_altar, tso_oasis_becter, lemuel_round_altar,
          portal_sewer_entry_c, first_bread
Sewer:    sewer_minmay_w

Skill      XL: |  1  2  3  4  5  6 |
---------------+-------------------+-----
Fighting       | 4 5 |  5.0
Shields        | 4 |  4.9
Armour         | 4 5 |  5.3
Axes           | 3 4 |  4.0
Dodging        | 1 2 3 |  3.2
Stealth        | |  0.3

Action                   |  1- 3 |  4- 6 || total
-------------------------+-------+-------++-------
Melee: War axe           |    62 |   158 ||   220
       Headbutt          |     5 |    13 ||    18
  Use: Scroll            |     2 |     4 ||     6
       Potion            |       |     3 ||     3
  Eat: Bread ration      |       |     1 ||     1
Armor: Scale mail        |    40 |   138 ||   178
       Skin              |       |     5 ||     5
Dodge: Dodged            |    19 |    85 ||   104
Block: Shield            |    43 |   137 ||   180
